 Dungeon Crawl Stone Soup version 0.27.0-1-g7a089689b8 (webtiles) character file.

Game seed: 8485104990625247063

145 Smaepdii the Digger (level 5, -1/28 HPs)
             Began as a Gargoyle Earth Elementalist on Aug 1, 2021.
             Slain by a phantom (3 damage)
             ... on level 3 of the Dungeon.
             The game lasted 00:22:44 (3037 turns).

Smaepdii the Digger (Gargoyle Earth Elementalist)   Turns: 3037, Time: 00:22:45

Health: -1/28      AC:  8    Str: 12    XL:     5   Next: 27%
Magic:  7/8        EV: 12    Int: 16    God:
Gold:   74         SH:  0    Dex: 10    Spells: 3/9 levels left

rFire    . . .     SeeInvis +   b - +2 dagger (freeze)
rCold    . . .     Faith    .   (no shield)
rNeg     + . .     Spirit   .   i - +0 robe
rPois    ∞         Reflect  .   l - +1 hat
rElec    +         Harm     .   (no cloak)
rCorr    .         Rampage  .   k - +0 pair of gloves
Will     .....                  (no boots)
Stlth    ++........             (no amulet)
HPRegen  0.09/turn              h - ring of see invisible
MPRegen  0.11/turn              (no ring)

@: no status effects
A: sickness immunity, AC +4, negative energy resistance 1, electricity
resistance, torment resistance 1, petrification resistance
a: no special abilities


You were on level 3 of the Dungeon.
You visited 1 branch of the dungeon, and saw 3 of its levels.

You collected 74 gold pieces.

Inventory:

Hand Weapons
 b - a +2 dagger of freezing (weapon)
Armour
 i - a +0 robe (worn)
 k - a +0 pair of gloves (worn)
 l - a +1 hat (worn)
Magical Staves
 a - a staff of conjuration
Jewellery
 h - a ring of see invisible (left hand)
Scrolls
 e - 3 scrolls of enchant weapon
 f - 3 scrolls of teleportation
Potions
 d - a potion of haste {unknown}
 g - a potion of cancellation {unknown}
 j - a potion of curing


   Skills:
 + Level 1.9 Armour
 + Level 2.2 Dodging
 - Level 2.7 Stealth
 + Level 2.5 Spellcasting
 + Level 1.3 Conjurations
 + Level 1.6 Transmutations
 + Level 4.4 Earth Magic


You had 3 spell levels left.
You knew the following spells:

 Your Spells              Type           Power      Damage    Failure   Level
a - Sandblast             Erth           32%        2d9       3%          1
b - Passwall              Tmut/Erth      9%         N/A       9%          2
c - Stone Arrow           Conj/Erth      22%        3d8       19%         3

Your spell library contained the following spells:

 Spells                   Type           Power      Damage    Failure   Level
 Gell's Gravitas          Tloc           1%         N/A       52%         3
 Lesser Beckoning         Tloc           1%         N/A       52%         3
 Teleport Other           Tloc           2%         N/A       52%         3
 Petrify                  Tmut/Erth      11%        N/A       50%         4
 Borgnjor's Revivificati  Necr           1%         N/A       100%        8
 Necromutation            Tmut/Necr      2%         N/A       100%        8
 Death's Door             Necr           1%         N/A       100%        9


Dungeon Overview and Level Annotations

Branches:
Dungeon (3/15)

Altars:


Innate Abilities, Weirdness & Mutations

You are immune to sickness and miasma.
Your stone body is resilient. (AC +4)
You are immune to poison.
You resist negative energy. (rN+)
You are resistant to electric shocks. (rElec)
You are resistant to unholy torment.
You are immune to petrification.


Message History

You barely miss the phantom.
The phantom is heavily damaged.
The phantom closely misses you.
You barely miss the phantom.
The phantom is heavily damaged.
The phantom hits you but does no damage.
You hit the phantom.
The phantom is heavily damaged.
The phantom hits you!
* * * LOW HITPOINT WARNING * * *
The phantom blinks!
You blink.
You barely miss the phantom.
The phantom is heavily damaged.
The phantom hits you but does no damage.
You hit the phantom.
The phantom is heavily damaged.
The phantom barely misses you.
You hit the phantom but do no damage.
The phantom is heavily damaged.
The phantom hits you.
* * * LOW HITPOINT WARNING * * *
The phantom blinks!
You blink.
It was a potion of curing.
You feel better.
The phantom hits you but does no damage.
You completely miss the phantom.
The phantom is heavily damaged.
An orc comes into view. It is wielding a +0 dagger.
The phantom hits you but does no damage.
You completely miss the phantom.
The phantom is heavily damaged.
The phantom hits you.
* * * LOW HITPOINT WARNING * * *
The phantom blinks!
You blink.
You hit the phantom.
The phantom is heavily damaged.
The phantom barely misses you.
You hit the phantom.
The phantom is heavily damaged.
The phantom hits you.
You die...

# #..###..........##
# ##.###............#
###..# #............#
#...## #............#
..### ##..........##
.## ##...##...## .#
##.###..## .# ##.#
##.# .### #..# #@#
...## #.## #W#
##..######.# #.#
##.#......# #.#
#.#.###### #.##
###.#.# ####..###
...>#.#######.......#
##..................#
##....#######.......#


You could see a phantom.

Vanquished Creatures
  Jessica (D:3)
  5 adders
  3 dart slugs
  3 orcs (D:3)
  7 bats
  7 endoplasms
  5 giant cockroaches
  5 goblins
  4 hobgoblins
  7 kobolds
  2 quokkas
  8 ball pythons
  A frilled lizard (D:3)
  4 rats
62 creatures vanquished.

Notes
Turn   | Place    | Note
-------+----------+-------------------------------------------
     0 | D:1      | Smaepdii the Gargoyle Earth Elementalist began the quest
                  | for the Orb.
     0 | D:1      | Reached XP level 1. HP: 10/10 MP: 3/3
   183 | D:1      | Found a faded altar of an unknown god.
   236 | D:1      | Reached XP level 2. HP: 15/15 MP: 1/5
   403 | D:1      | Reached skill level 1 in Transmutations
   590 | D:1      | Reached skill level 1 in Armour
   652 | D:1      | Reached XP level 3. HP: 19/19 MP: 3/6
  1220 | D:2      | Learned a level 2 spell: Passwall
  1488 | D:2      | Reached skill level 4 in Earth Magic
  1572 | D:2      | Learned a level 3 spell: Stone Arrow
  1963 | D:2      | Reached XP level 4. HP: 22/24 MP: 7/7
  2698 | D:3      | Reached skill level 1 in Conjurations
  2943 | D:3      | Noticed Jessica
  2943 | D:3      | Noticed a phantom
  2958 | D:3      | Killed Jessica
  2959 | D:3      | Reached XP level 5. HP: 23/28 MP: 6/8
  3037 | D:3      | Slain by a phantom

Illustrated notes

Levels and vault maps discovered:
D:1:      lemuel_arrival_rhombus, layout_basic,
          shapermc_ecumenical_altar_mp_highgroup, minmay_misc_feat_cross
D:2:      layout_loops_ring, minmay_small_reverse_x
D:3:      layout_rooms, amcnicky_mini_rare_corridor_liquid, uniq_natasha,
          uniq_jessica

Skill      XL: |  1  2  3  4 |
---------------+-------------+-----
Transmutations | 1 |  1.6
Armour         | 1 |  1.9
Earth Magic    | 4 |  4.4
Dodging        | 2 |  2.2
Conjurations   | 1 |  1.3
Stealth        | |  2.7
Spellcasting   | |  2.5

Action                   |  1- 3 |  4- 6 || total
-------------------------+-------+-------++-------
Melee: Dagger            |    49 |    52 ||   101
       Staff             |       |    30 ||    30
 Cast: Sandblast         |    35 |    26 ||    61
  Use: Scroll            |     2 |     1 ||     3
       Potion            |       |     1 ||     1
 Stab: Sleeping          |     1 |       ||     1
Armor: Robe              |    21 |    42 ||    63
Dodge: Dodged            |    21 |    50 ||    71
